 Dungeon Crawl Stone Soup version 0.32-a0-20-ge526923d97 (webtiles) character file.

Game seed: 199375562511419680

30 dialectric the Trooper (level 3, -5/33 HPs)
             Began as a Minotaur Fighter on Jan 18, 2024.
             Slain by Terence
             ... wielding a +0 morningstar
              (12 damage)
             ... on level 2 of the Dungeon.
             The game lasted 00:00:52 (967 turns).

dialectric the Trooper (Minotaur Fighter)            Turns: 967, Time: 00:00:53

Health: -5/33      AC:  7    Str: 20 (22) XL:     3   Next: 3%
Magic:  2/2        EV:  9    Int:  2 (5)  God:
Gold:   80         SH:  0    Dex:  7 (9)  Spells: 2/2 levels left

rFire   + . .        a - +0 flail
rCold   + . .        (no shield)
rNeg    . . .        b - +0 scale mail
rPois   +            (helmet restricted)
rElec   +            (no cloak)
rCorr   +            (no gloves)
SInv    .            (no boots)
Will    .....        (no amulet) Stlth
                     (no ring)
HPRegen 0.25/turn    (no ring)
MPRegen 0.08/turn

%: no passive effects
@: mighty, resistant
A: horns 2, retaliatory headbutt
a: no special abilities


You were on level 2 of the Dungeon.
You visited 1 branch of the dungeon, and saw 2 of its levels.

You collected 80 gold pieces.

Inventory:

Hand Weapons
 a - a +0 flail (weapon)
Armour
 b - a +0 scale mail (worn)
 c - a +0 buckler
Jewellery
 m - a ring of ice
Scrolls
 f - a scroll of brand weapon {unknown}
 g - 3 scrolls of identify {unknown}
 h - a scroll of revelation {unknown}
 i - a scroll of vulnerability {unknown}
 k - a scroll of enchant armour {unknown}
 l - a scroll of amnesia {unknown}
 n - a scroll of blinking {unknown}
Potions
 e - a potion of degeneration


   Skills:
 + Level 4.0 Fighting
 + Level 3.0 Maces & Flails
 + Level 4.0 Armour
 + Level 0.9 Dodging
 - Level 3.8 Shields


You had 2 spell levels left.
You didn't know any spells.
Your spell library was empty.

Dungeon Overview and Level Annotations

Branches:
Dungeon (2/15)

Altars:

Annotations:
D:2 Terence


Innate Abilities, Weirdness & Mutations

You have a pair of horns on your head.
You reflexively headbutt those who attack you in melee.


Message History

Your experience leads to an increase in your attributes!
Increase (S)trength, (I)ntelligence, or (D)exterity?
You feel stronger. x2
You barely miss Terence. You headbutt Terence!
Terence is heavily wounded.
Terence shouts, "DIE!!!"
Terence hits you with a +0 morningstar!
Unknown command.
You barely miss Terence.
Terence is heavily wounded.
Terence says, "You're history."
Terence hits you with a +0 morningstar. x2
You hit Terence.
Terence is heavily wounded.
Terence misses you.
You barely miss Terence. Your headbutt misses Terence.
Terence is heavily wounded.
Terence hits you with a +0 morningstar!
* * * LOW HITPOINT WARNING * * *
You are too injured to fight recklessly!
You barely miss Terence. You headbutt Terence, but do no damage.
Terence is heavily wounded.
Terence barely misses you.
You closely miss Terence.
Terence is heavily wounded.
Terence barely misses you. Terence misses you.
Unknown command.
It was a potion of degeneration.
There was something very wrong with that liquid.
You feel weakened.
You feel dopey.
You feel clumsy. Terence hits you but does no damage.
Unknown command.
It was a potion of resistance.
You feel protected. Terence shouts, "Now you die!"
Terence completely misses you.
You feel very mighty all of a sudden. Terence hits you with a +0 morningstar!
You die...
Terence says, "Rest in peace."

#. .. .# #.#.
.. .#####[ #...
#. ......
#....#. ....#
.....#.#....###
...............
##...).@.......
.......@#......
##.#...<.......
.............#.
...........>..#
.......#.####.#
.###... .. #
.... ### ##...
#...


You could see Terence.

Vanquished Creatures
  An adder (D:2)
  A dart slug (D:1)
  2 endoplasms (D:1)
  2 goblins (D:1)
  4 hobgoblins (D:1)
  2 quokkas (D:1)
  2 ball pythons (D:1)
  2 bats (D:1)
  2 frilled lizards (D:1)
  A kobold (D:1)
19 creatures vanquished.

Notes
Turn   | Place    | Note
-------+----------+-------------------------------------------
     0 | D:1      | dialectric the Minotaur Fighter began the quest for the
                  | Orb.
     0 | D:1      | Reached XP level 1. HP: 19/19 MP: 0/0
   124 | D:1      | Reached XP level 2. HP: 27/27 MP: 1/1
   955 | D:2      | Noticed Terence
   959 | D:2      | Reached XP level 3. HP: 33/33 MP: 2/2
   967 | D:2      | Slain by Terence

Illustrated notes

Levels and vault maps discovered:
D:1:      dpeg_arrival_solitude, layout_basic, kennysheep_boxes
D:2:      layout_basic, basic_altar, uniq_terence

Skill      XL: |  1  2 |
---------------+-------+-----
Fighting       | 4 |  4.0
Maces & Flails | 3 |  3.0
Armour         | 4 |  4.0
Dodging        | |  0.9
Shields        | |  3.8

Action                     || total
---------------------------++-------
  Melee: Flail             ||    53
         Headbutt          ||     8
    Use: Potion            ||     3
 Armour: Scale mail        ||    37
  Dodge: Dodged            ||    33
  Block: Buckler           ||     1

Table legend: (Time is in decaauts)
 A = Elapsed time spent in this place.
 B = Non-inter-level travel time spent in this place.
 C = Inter-level travel time spent in this place.
 D = Time resting spent in this place.
 E = Time spent auto-exploring this place.
 F = Levels seen in this place.
 G = Mean time per level.
                   A        B        C        D        E       F      G
               +--------+--------+--------+--------+--------+-----+--------+
         Total |   1008 |    957 |     51 |      0 |    804 |   2 |  504.0 |
       Dungeon |   1008 |    957 |     51 |      0 |    804 |   2 |  504.0 |
               +--------+--------+--------+--------+--------+-----+--------+

Top non-repeatable levels by time:
     D:1: 994 daAuts
     D:2: 13 daAuts
